 Dungeon Crawl Stone Soup version 0.24.0-37-gcf1ca852f1 (webtiles) character file.

Game seed: 3725687106590407512, levelgen mode: deterministic

25 FishyPogo the Charlatan (level 2, 0/24 HPs)
             Began as a Draconian Artificer on Dec 8, 2019.
             Slain by a hobgoblin (2 damage)
             ... on level 2 of the Dungeon.
             The game lasted 00:02:31 (270 turns).

FishyPogo the Charlatan (Draconian Artificer)        Turns: 270, Time: 00:02:32

Health: 0/24       AC:  4    Str: 14    XL:     2   Next: 82%
Magic:  4/4        EV: 12    Int: 11    God:
Gold:   40         SH:  0    Dex: 11    Spells: 1/1 levels left

rFire    . . .     SeeInvis .   a - +0 short sword
rCold    . . .     Gourm    .   (no shield)
rNeg     . . .     Faith    .   (armour unavailable)
rPois    .         Spirit   .   (helmet restricted)
rElec    .         Reflect  .   (no cloak)
rCorr    .         Harm     .   (no gloves)
MR       .....                  (no boots)
Stlth    +.........             (no amulet)
HPRegen  0.08/turn              (no ring)
MPRegen  0.09/turn              (no ring)

@: hasted, very quick
A: unfitting armour, cold-blooded, AC +4
a: no special abilities


You were on level 2 of the Dungeon.
You were not hungry.

You visited 1 branch of the dungeon, and saw 3 of its levels.

You collected 40 gold pieces.

Inventory:

Hand Weapons
 a - a +0 short sword (weapon)
Missiles
 e - 34 stones (quivered)
Wands
 b - a wand of flame (15)
 c - a wand of enslavement (15)
 d - a wand of random effects (12)
Scrolls
 j - a scroll of remove curse {unknown}
 k - a scroll of random uselessness {unknown}
Comestibles
 f - a ration
 g - 7 chunks of flesh


   Skills:
 * Level 2.0 Fighting
 + Level 1.3 Short Blades
 * Level 2.2 Dodging
 - Level 1.0 Stealth
 + Level 3.1 Evocations


You had one spell level left.
You didn't know any spells.
Your spell library was empty.

Dungeon Overview and Level Annotations

Branches:
Dungeon (3/15)

Altars:

Annotations:
D:3 Jessica


Innate Abilities, Weirdness & Mutations

Your plain brown scales are hard. (AC +4)
You cannot fit into any form of body armour.
You are cold-blooded and may be slowed by cold attacks.


Message History

* * * LOW HITPOINT WARNING * * *
You barely miss the hobgoblin.
The hobgoblin is severely wounded.
The hobgoblin hits you.
* * * LOW HITPOINT WARNING * * *
You hit the hobgoblin but do no damage.
The hobgoblin is severely wounded.
Evoke which item? (* to show all) (? for menu, Esc to quit)
Aiming: Random Effects
Press: ? - help, Shift-Dir - straight line, f/p - hobgoblin
Aim: a hobgoblin (severely wounded)
The hobgoblin seems to speed up.
The hobgoblin misses you. x2
You barely miss the hobgoblin.
The hobgoblin is severely wounded.
The hobgoblin hits you.
* * * LOW HITPOINT WARNING * * *
You hit the hobgoblin but do no damage.
The hobgoblin is severely wounded.
The hobgoblin hits you.
You die...

#........###.
#..................
#........# #$.....#
#........# #......
#.....รท..# ...[.
#........# ....
#######.## #.. #.###
#g# #...###@#
......##...#g# #..
......####.#.#.....
.......g.......#
..................#
g.w......#..........
.......#######.#....
...# .....# ...
.#....


You could see a hobgoblin and a goblin.

Vanquished Creatures
  An adder (D:2)
  An ooze (D:2)
  A leopard gecko (D:1)
  2 hobgoblins (D:1)
  A ball python (D:3)
  2 bats (D:1)
  2 frilled lizards
  A kobold (D:3)
  2 rats (D:1)
13 creatures vanquished.

Notes
Turn   | Place    | Note
-------+----------+-------------------------------------------
     0 | D:1      | FishyPogo the Draconian Artificer began the quest for the
                  | Orb.
     0 | D:1      | Reached XP level 1. HP: 16/16 MP: 3/3
    61 | D:1      | Reached skill level 1 in Stealth
   157 | D:1      | Reached XP level 2. HP: 17/23 MP: 4/4
   168 | D:1      | You fall into a shaft and drop 1 floor!
   217 | D:3      | Noticed Jessica
   270 | D:2      | Slain by a hobgoblin

Levels and vault maps discovered:
D:1:      lemuel_arrival_river_ford, layout_rooms
D:2:      layout_rooms, nicolae_overflow_hidden_temple, lemuel_crystal_altar,
          minmay_domino_4
D:3:      layout_loops_corners, hex_medium, minmay_misc_feat_square,
          uniq_crazy_yiuf_cottage, uniq_jessica, uniq_robin

Skill      XL: |  1  2 |
---------------+-------+-----
Stealth        | 1 |  1.0
Dodging        | 2 |  2.2
Fighting       | 2 |  2.0
Short Blades   | |  1.3
Evocations     | |  3.1

Action                   || total
-------------------------++-------
Melee: Short sword       ||    47
       Tailslap          ||     4
Evoke: Wand              ||     3
  Use: Potion            ||     2
Armor: Skin              ||    13
Dodge: Dodged            ||    28
